 Dungeon Crawl Stone Soup version 0.32-a0-886-g41c5271027 (webtiles) character file.

Game seed: 5179832709599030575

51 smashvw the Covered (level 3, -2/33 HPs)
             Began as a Mountain Dwarf Fighter on Apr 2, 2024.
             Splashed by a jelly's acid (9 damage)
             ... on level 2 of the Dungeon.
             The game lasted 00:02:42 (1231 turns).

smashvw the Covered (Mountain Dwarf Fighter)        Turns: 1231, Time: 00:02:43

Health: -2/33      AC:  0    Str: 20    XL:     3   Next: 57%
Magic:  3/3        EV:  8    Int:  8    God:
Gold:   73         SH:  4    Dex:  9    Spells: 2/2 levels left

rFire   . . .        a - +0 war axe
rCold   . . .        c - +0 buckler
rNeg    . . .        b - +0 scale mail
rPois   .            (no helmet)
rElec   .            (no cloak)
rCorr   .            (no gloves)
SInv    .            (no boots)
Will    .....        (no amulet) Stlth
                     (no ring)
HPRegen 0.25/turn    (no ring)
MPRegen 0.08/turn

%: no passive effects
@: corroded
A: runic magic, artefact enchanting
a: no special abilities


You were on level 2 of the Dungeon.
You visited 1 branch of the dungeon, and saw 2 of its levels.

You collected 73 gold pieces.

Inventory:

Hand Weapons
 a - a +0 war axe (weapon)
Armour
 b - a +0 scale mail (worn)
 c - a +0 buckler (worn)
Scrolls
 f - 2 scrolls of identify {unknown}
 h - a scroll of noise {unknown}
 i - a scroll of fear {unknown}
 j - 3 scrolls of amnesia {unknown}
 l - a scroll of fog {unknown}
Potions
 d - a potion of might
 e - a potion of magic {unknown}
 g - 2 potions of berserk rage {unknown}
 k - a potion of heal wounds {unknown}


   Skills:
 + Level 3.8 Fighting
 + Level 3.1 Axes
 + Level 3.8 Armour
 + Level 3.8 Shields


You had 2 spell levels left.
You didn't know any spells.
Your spell library contained the following spells:

 Spells                   Type           Power      Damage    Failure   Level
 Dazzling Flash           Conj/Hex       0%         N/A       91%         3
 Mephitic Cloud           Conj/Alch/Air  0%         N/A       91%         3
 Stone Arrow              Conj/Erth      0%         3d7       91%         3
 Animate Armour           Summ/Erth      0%         N/A       100%        4
 Curse of Agony           Necr           0%         N/A       100%        5
 Silence                  Hex/Air        0%         N/A       100%        5
 Lehudib's Crystal Spear  Conj/Erth      0%         10d2      100%        8


Dungeon Overview and Level Annotations

Branches:
Dungeon (2/15)

Altars:


Innate Abilities, Weirdness & Mutations

Your spellcasting is much less encumbered by armour.
You can use scrolls of enchantment on lesser artefacts.


Message History

No target in view!
No target in view!
No target in view!
A bat is nearby!
You block the bat's attack. The bat hits you but does no damage. x2
You closely miss the bat. The bat hits you but does no damage.
The bat hits you.
You slash the bat!
You kill the bat!
No target in view!
No target in view!
You see here a bat corpse.
A rat and a jelly come into view.
The rat squeaks loudly.
You hear an angry hiss.
The rat moves out of view.
The jelly moves out of view.
An adder comes into view.
Found a dagger.
A frilled lizard comes into view.
The frilled lizard hisses angrily.
You block the jelly's attack.
You slash the jelly!
Your hands burn!
The jelly is severely wounded.
The jelly closely misses you. The jelly barely misses you.
You hit the jelly but do no damage.
Your hands burn!
The jelly is severely wounded.
The jelly barely misses you.
You hit the jelly.
Your hands burn!
The jelly is severely wounded.
The rat twitches its whiskers.
The jelly hits you. The acid corrodes you!
You are splashed with acid!
You are too injured to fight recklessly!
You are too injured to fight recklessly!
You are too injured to fight recklessly!
You barely miss the jelly.
The jelly is severely wounded.
The jelly hits you.
* * * LOW HITPOINT WARNING * * *
The acid corrodes you!
You are splashed with acid!
You die...

#.......## #..#
.........######## #..#
#####............ #
#..# ##.#.##########.#
#..# #.#.# ##.#.#.#.#
#..# #.#.# #........
#..#
#.#.####.#.#r#.#.#
#..#
####.#.##.....Jl.....
.........†.#.#@#.#.#)
######...##...........
#.......#.#.#.#.#.#
#.........?......
#.......#.#.#.#.#
###...##......?...
...... #.#.#.#.#.#
###### ###########


You could see a jelly, a frilled lizard and a rat.

Vanquished Creatures
  An adder (D:2)
  2 dart slugs
  A ribbon worm (D:2)
  4 endoplasms
  A giant cockroach (D:2)
  6 goblins
  2 hobgoblins (D:1)
  2 jackals (D:1)
  2 quokkas
  2 ball pythons (D:2)
  4 bats
  A frilled lizard (D:2)
  4 kobolds
  2 rats (D:2)
34 creatures vanquished.

Notes
Turn   | Place    | Note
-------+----------+-------------------------------------------
     0 | D:1      | smashvw the Mountain Dwarf Fighter began the quest for the
                  | Orb.
     0 | D:1      | Reached XP level 1. HP: 19/19 MP: 1/1
    92 | D:1      | Reached XP level 2. HP: 22/26 MP: 2/2
   711 | D:2      | Reached XP level 3. HP: 14/33 MP: 3/3
  1231 | D:2      | Splashed by a jelly's acid

Illustrated notes

Levels and vault maps discovered:
D:1:      evilmike_arrival_plus, layout_loops_ring
D:2:      layout_loops_ring, st_stairs_10

Skill      XL: |  1  2 |
---------------+-------+-----
Axes           | 3 |  3.1
Fighting       | |  3.8
Armour         | |  3.8
Shields        | |  3.8

Action                     || total
---------------------------++-------
  Melee: War axe           ||   112
 Armour: Scale mail        ||    88
  Dodge: Dodged            ||    53
  Block: Buckler           ||    23

Table legend: (Time is in decaauts)
 A = Elapsed time spent in this place.
 B = Non-inter-level travel time spent in this place.
 C = Inter-level travel time spent in this place.
 D = Time resting spent in this place.
 E = Time spent auto-exploring this place.
 F = Levels seen in this place.
 G = Mean time per level.
                   A        B        C        D        E       F      G
               +--------+--------+--------+--------+--------+-----+--------+
         Total |   1274 |   1261 |     13 |      0 |    992 |   2 |  637.0 |
       Dungeon |   1274 |   1261 |     13 |      0 |    992 |   2 |  637.0 |
               +--------+--------+--------+--------+--------+-----+--------+

Top non-repeatable levels by time:
     D:1: 657 daAuts
     D:2: 616 daAuts
